 Dungeon Crawl Stone Soup version 0.30.1-11-g7821555f0a (webtiles) character file.

Game seed: 11153246014091851558

81215 Ijustatesigmund the Eclecticist (level 15, -3/81 HPs)
             Began as a Deep Elf Earth Elementalist on Dec 7, 2023.
             Was a High Priest of Vehumet.
             Killed from afar by a fire dragon (50 damage)
             ... with a blast of flame
             ... on level 13 of the Dungeon on Dec 8, 2023.
             The game lasted 01:42:01 (29684 turns).

Ijustatesigmund the Eclecticist (DEEE)             Turns: 29684, Time: 01:42:02

Health: -3/81      AC: 19    Str:  5    XL:     15   Next: 26%
Magic:  21/39      EV: 17    Int: 33    God:    Vehumet [*****.]
Gold:   1422       SH:  6    Dex: 15    Spells: 26/51 levels left

rFire   . . .        f - +5 short sword of the Crawling Thing {venom, Int+5 Stlth+}
rCold   . . .        S - +0 buckler {AC+3}
rNeg    . . .        a - +1 acid dragon scales
rPois   .            (no helmet)
rElec   +            (no cloak)
rCorr   +            h - +2 pair of gloves
SInv    .            J - +0 pair of boots
Will    +....        w - amulet of magic regeneration
Stlth   +++          l - +4 ring of protection
HPRegen 0.33/turn    N - ring of Quthreemi {rElec EV+5}
MPRegen 0.66/turn

%: no passive effects
@: no status effects
A: no striking features
a: Renounce Religion


You were on level 13 of the Dungeon.
You worshipped Vehumet.
Vehumet was extremely pleased with you.
You visited 4 branches of the dungeon, and saw 22 of its levels.
You also visited: Bailey and Volcano.

You collected 3150 gold pieces.
You spent 1728 gold pieces at shops.

Inventory:

Hand Weapons
 f - the +5 short sword of the Crawling Thing (weapon) {venom, Int+5 Stlth+}
   (You found it on level 5 of the Dungeon)

   Int:       It affects your intelligence (+5).
   Stlth:     It makes you more stealthy.
 u - the +4 sling of Distant Shores {flame, rF- rCorr Dex+5 Stlth+}
   (You bought it in a shop on level 10 of the Dungeon)

   Dex:       It affects your dexterity (+5).
   rF:        It makes you vulnerable to fire.
   rCorr:     It protects you from acid and corrosion.
   Stlth:     It makes you more stealthy.
 O - the +9 dagger "Buosease" {heavy, rElec Will+}
   (You found it on level 1 of the Lair of Beasts)

   rElec:     It insulates you from electricity.
   Will:      It increases your willpower.
Missiles
 L - 2 throwing nets
Armour
 a - +1 acid dragon scales (worn)
 g - the +1 robe of Integrity {Str+2}
   (You bought it in a shop on level 2 of the Orcish Mines)

   Str:       It affects your strength (+2).
 h - a +2 pair of gloves (worn)
 J - a +0 pair of boots (worn)
 K - a +0 pair of gloves of dexterity
 S - a +0 buckler of protection (worn)
 T - a +1 cloak
Magical Staves
 y - a staff of conjuration
Jewellery
 d - a ring of flight
 l - a +4 ring of protection (left hand)
 w - an amulet of magic regeneration (around neck)
 z - a ring of see invisible
 G - a +6 ring of strength
 N - the ring of Quthreemi (right hand) {rElec EV+5}
   (You bought it in a shop on level 2 of the Orcish Mines)

   [ring of evasion]

   EV:        It affects your evasion (+5).
   rElec:     It insulates you from electricity.
 P - a ring of ice
 R - a ring of protection from fire
Wands
 q - a wand of flame (39)
 v - a wand of polymorph (8)
 C - a wand of mindburst (2)
 H - a wand of paralysis (8)
Scrolls
 c - 7 scrolls of fear
 e - 10 scrolls of teleportation
 j - a scroll of brand weapon
 r - 7 scrolls of enchant weapon
 s - a scroll of identify
 D - 3 scrolls of poison
 I - 4 scrolls of fog
 M - 2 scrolls of silence
Potions
 b - a potion of magic
 i - 3 potions of haste
 n - 4 potions of flight
 o - 4 potions of mutation
 p - 2 potions of curing
 t - 6 potions of lignification
 x - a potion of resistance
 A - a potion of attraction
 B - 3 potions of brilliance
 E - 3 potions of might
 F - 2 potions of heal wounds


   Skills:
 - Level 4.8 Fighting
 - Level 5.0 Short Blades
 - Level 3.2 Armour
 - Level 7.0 Dodging
 - Level 2.4 Stealth
 - Level 7.0 Shields
 + Level 18.7 Spellcasting
 + Level 13.2 Conjurations
 - Level 5.2 Translocations
 - Level 1.1 Transmutations
 - Level 5.6 Ice Magic
 - Level 4.0 Air Magic
 + Level 13.8 Earth Magic
 - Level 3.1 Poison Magic
 - Level 2.8 Evocations


You had 26 spell levels left.
You knew the following spells:

 Your Spells              Type           Power      Damage    Failure   Level
a - Sandblast             Erth           100%       2d20      0%          1
b - Stone Arrow           Conj/Erth      100%       3d13      1%          3
c - Iskenderun's Mystic   Conj/Tloc      75%        2d15      1%          4
d - Mephitic Cloud        Conj/Pois/Air  66%        N/A       1%          3
e - Poisonous Vapours     Pois/Air       100%       N/A       1%          2
f - Frozen Ramparts       Ice            100%       1d16      1%          3
g - Swiftness             Air            55%        N/A       2%          3
h - Iron Shot             Conj/Erth      44%        9d9       1%          6

Your spell library contained the following spells:

 Spells                   Type           Power      Damage    Failure   Level
 Conjure Ball Lightning   Conj/Air       36%        3x3d12    5%          6
 Magic Dart               Conj           100%       1d8       0%          1
 Shock                    Conj/Air       100%       1d9       1%          1
 Ensorcelled Hibernation  Hex/Ice        98%        N/A       1%          2
 Passwall                 Tmut/Erth      57%        N/A       1%          2
 Volatile Blastmotes      Fire/Tloc      96%        2d18      1%          3
 Fulminant Prism          Conj/Hex       32%        3d15      1%          4
 Petrify                  Tmut/Erth      69%        N/A       1%          4
 Lee's Rapid Deconstruct  Erth           44%        3d21*     1%          5
 Airstrike                Air            27%        2d(4-20)  2%          4
 Call Imp                 Summ           60%        N/A       6%          2
 Eringya's Noxious Bog    Tmut/Pois      22%        N/A       52%         6


Dungeon Overview and Level Annotations

Branches:
Dungeon (14/15)            Temple (1/1) D:5            Lair (5/5) D:9
  Swamp (0/4) Lair:2        Snake (0/4) Lair:2        Slime (0/5) Lair:5
    Orc (2/2) D:12            Elf (0/3) Orc:2        Vaults (0/5) D:14
 Bailey (visited)         Volcano (visited)

Altars:
Ashenzari
Cheibriados
Dithmenos
Elyvilon
Fedhas
Gozag
Hepliaklqana
Kikubaaqudgha
Makhleb
Nemelex Xobeh
Okawaru
Qazlal
Ru
Sif Muna
Trog
Uskayaw
Vehumet
Wu Jian
Xom
Yredelemnul
Zin
The Shining One
Jiyva

Shops:
D:4 *   D:7 *   D:10 (   D:14 (   Orc:2 (=![?

Annotations:
D:5 1 runed translucent door, kalagan's ghost, novice DECj
D:8 1 transporter
D:14 Urug


Message History

The fire dragon misses you. The fire dragon claws you.
You block the fire dragon's attack.
The two-headed ogre hits you with a +0 giant club.
You block the two-headed ogre's attack. The fire dragon bites you!
The fire dragon barely misses you. You block the fire dragon's attack.
You climb upwards.
There is a stone staircase leading down here.
Casting: Iskenderun's Mystic Blast (safe; 1% risk of failure)
Confirm with . or Enter, or press ? or * to list all spells.
Aiming: Iron Shot (dangerous; 1% risk of failure)
Press: ? - help, Shift-Dir - straight line, f - fire dragon
Aim: a fire dragon (lightly wounded, 82% to hit)
The iron shot misses the fire dragon.
The fire dragon bites you. The fire dragon barely misses you.
The fire dragon tramples you but does no damage.
The two-headed ogre hits you with a +0 giant club.
You block the two-headed ogre's attack.
Casting: Iron Shot (dangerous; 1% risk of failure)
Confirm with . or Enter, or press ? or * to list all spells.
Aiming: Iron Shot (dangerous; 1% risk of failure)
Press: ? - help, Shift-Dir - straight line, f/p - fire dragon
Aim: a fire dragon (lightly wounded, 82% to hit)
The iron shot hits the fire dragon!!
The fire dragon is heavily wounded.
You block the fire dragon's attack.
The fire dragon claws you but does no damage.
The fire dragon tramples you but does no damage.
Casting: Iron Shot (dangerous; 1% risk of failure)
Confirm with . or Enter, or press ? or * to list all spells.
Aiming: Iron Shot (dangerous; 1% risk of failure)
Press: ? - help, Shift-Dir - straight line, f/p - fire dragon
Aim: a fire dragon (heavily wounded, 82% to hit)
The iron shot hits the fire dragon!!
The fire dragon is almost dead.
The two-headed ogre hits you with a +0 giant club.
The two-headed ogre misses you. The fire dragon breathes flames at you.
The blast of flame hits you!!!
Ouch! That really hurt!
You die...

#.................#...####.
#...........##'####........
#..>........#..............
#...........'........######
##.......#####..##'##.#.....
#........#......#...#.#.....
#........#......#...#.#.....
######........#D.....#...#.#.....
..............#.@....#...#.#.....
..............#O.....#...#.#'####
........#####.#......#####.......
........#...#.#..................
........#...#.#.....########.....
#####...'...#.#..<..'......#.....
#...#####.#.....#......'.....
###.......#####.#......#.....
#...........#.##.....#.....


You could see a fire dragon (catching breath) and a two-headed ogre.

Vanquished Creatures
  Kirke (Lair:3)
  An orc warlord (Orc:2)
  The ghost of Peloso the Fencer, a journeyman MiFi of Okawaru (Orc:2)
  2 hydras
  Fannar (Orc:1)
  Erolcha (D:10)
  2 boulder beetles
  Erica (D:10)
  3 centaur warriors
  3 two-headed ogres
  14 death yaks
  Sonja (D:12)
  2 skysharks (Lair:5)
  Lodul (D:11)
  2 bog bodies (Lair:2)
  A goliath frog (Lair:5)
  10 orc knights
  2 deep elf pyromancers
  6 ugly things
  A manticore (D:11)
  A cyclops (D:11)
  14 elephants
  3 black mambas
  A gargoyle (Volcano)
  21 cane toads
  A molten gargoyle (Volcano)
  2 rime drakes
  9 komodo dragons
  Maggie (D:10)
  A kobold demonologist (D:11)
  6 polar bears
  A tyrant leech (Lair:5)
  8 trolls
  A hornet (D:8)
  Prince Ribbit (D:5)
  18 blink frogs
  Sigmund (D:3)
  A culicivora (shapeshifter) (D:13)
  2 fire elementals (Volcano)
  2 shadows
  3 vampires
  30 yaks
  3 wraiths (D:13)
  A wyvern (Lair:4)
  5 hogs (Lair:3)
  Grum (D:8)
  15 humans
  7 basilisks
  14 vampire mosquitoes
  An acid dragon (D:11)
  A naga (Lair:2)
  2 swamp worms (Lair:2)
  11 wargs
  17 water moccasins
  50 orc warriors
  A sky beast (D:6)
  3 black bears
  An ice beast (D:8)
  13 ogres
  23 wolves
  2 centaurs
  3 phantoms
  7 kobold brigands
  Blork the orc (D:5)
  12 bullfrogs
  3 scorpions
  A gnoll sergeant (D:13)
  7 wights
  8 killer bees
  4 howler monkeys
  4 electric eels
  9 hounds
  15 orc priests
  4 sleepcaps
  Ijyb (D:5)
  6 iguanas
  21 orc wizards
  24 gnolls
  10 adders
  2 shadow imps
  2 white imps
  An ufetubus (D:5)
  A worm (D:2)
  106 orcs
  5 endoplasms
  A giant cockroach (D:1)
  8 goblins
  8 hobgoblins
  3 jackals (D:4)
  20 kobolds
  4 quokkas
  9 ball pythons
  6 bats
  2 frilled lizards
  5 rats
678 creatures vanquished.

Notes
Turn   | Place    | Note
-------+----------+-------------------------------------------
     0 | D:1      | Ijustatesigmund the Deep Elf Earth Elementalist began the
                  | quest for the Orb.
     0 | D:1      | Reached XP level 1. HP: 10/10 MP: 6/6
   212 | D:1      | Reached XP level 2. HP: 16/16 MP: 6/8
   672 | D:1      | Reached skill level 1 in Fighting
  1005 | D:2      | Reached XP level 3. HP: 20/20 MP: 8/10
  1014 | D:2      | Learned a level 3 spell: Stone Arrow
  1051 | D:2      | Reached skill level 4 in Spellcasting
  1799 | D:3      | Reached skill level 1 in Conjurations
  1818 | D:3      | Noticed Sigmund
  1827 | D:3      | Reached XP level 4. HP: 15/25 MP: 7/12
  1883 | D:3      | Killed Sigmund
  1884 | D:3      | Reached skill level 5 in Spellcasting
  1884 | D:3      | Reached XP level 5. HP: 29/29 MP: 12/14
  2216 | D:3      | Reached skill level 5 in Earth Magic
  2226 | D:3      | Reached XP level 6. HP: 34/34 MP: 12/16
  2583 | D:4      | Found Zazomeiq's General Store.
  2591 | D:4      | Bought a scroll of brand weapon for 95 gold pieces
  2591 | D:4      | Bought a potion of curing for 30 gold pieces
  2982 | D:4      | Reached skill level 6 in Spellcasting
  3055 | D:4      | Reached XP level 7. HP: 39/39 MP: 14/18
  3556 | D:5      | Entered Level 5 of the Dungeon
  4095 | D:5      | Noticed Ijyb
  4103 | D:5      | Killed Ijyb
  4260 | D:5      | Found a staircase to the Ecumenical Temple.
  4267 | Temple   | Entered the Ecumenical Temple
  4561 | D:5      | Reached skill level 7 in Spellcasting
  4730 | D:5      | Noticed kalagan's ghost (novice DECj)
  4736 | D:5      | Found a runed translucent door.
  4761 | D:5      | Noticed Blork the orc
  4764 | D:5      | Killed Blork the orc
  4765 | D:5      | Reached XP level 8. HP: 44/44 MP: 13/21
  5074 | D:5      | Reached skill level 5 in Conjurations
  5314 | D:5      | Identified the +5 short sword of the Crawling Thing {venom,
                  | Int+5 Stlth+}
  5335 | D:5      | Noticed Prince Ribbit
  5342 | D:5      | Killed Prince Ribbit
  5998 | D:6      | Reached skill level 1 in Short Blades
  5998 | D:6      | Reached skill level 8 in Spellcasting
  6662 | D:6      | Reached skill level 9 in Spellcasting
  6814 | D:6      | Reached XP level 9. HP: 26/48 MP: 1/24
  7044 | D:6      | Reached skill level 10 in Spellcasting
  7608 | D:7      | Found a radiant altar of Vehumet.
  7657 | D:6      | Reached skill level 5 in Short Blades
  7877 | D:7      | Became a worshipper of Vehumet
  8106 | D:7      | Found Baesch's Assorted Antiques.
  8114 | D:7      | Bought a scroll labelled EGIOVEL FUZUJUCK for 24 gold
                  | pieces
  8114 | D:7      | Bought a golden potion for 21 gold pieces
  8114 | D:7      | Bought a golden potion for 21 gold pieces
  8120 | D:7      | Identified a scroll of acquirement
  8121 | D:7      | Acquired 790 gold pieces
  8210 | D:7      | Reached skill level 11 in Spellcasting
  8220 | D:7      | Learned a level 4 spell: Iskenderun's Mystic Blast
  8292 | D:7      | Reached skill level 1 in Translocations
  8500 | D:8      | Found a transporter.
  8702 | D:8      | Reached * piety under Vehumet
  8702 | D:8      | Offered knowledge of Kiss of Death by Vehumet.
  8703 | D:8      | Reached skill level 12 in Spellcasting
  9228 | D:8      | Noticed Grum
  9234 | D:8      | Reached XP level 10. HP: 56/56 MP: 26/28
  9238 | D:8      | Killed Grum
  9331 | D:9      | Reached skill level 5 in Translocations
  9377 | D:9      | Found a flagged portal.
  9386 | Bailey   | Entered a bailey
  9391 | Bailey   | Learned a level 3 spell: Mephitic Cloud
  9413 | Bailey   | Offered knowledge of Freeze by Vehumet.
  9415 | Bailey   | Reached ** piety under Vehumet
  9438 | Bailey   | Reached skill level 1 in Poison Magic
  9653 | Bailey   | Reached skill level 1 in Air Magic
  9706 | Bailey   | Reached skill level 13 in Spellcasting
  9823 | Bailey   | Found a bloodstained altar of Trog.
 10144 | D:9      | Found a staircase to the Lair.
 10556 | D:10     | Entered Level 10 of the Dungeon
 10569 | D:10     | Noticed Maggie
 10578 | D:10     | Killed Maggie
 10639 | D:10     | Noticed Erolcha
 10651 | D:10     | Killed Erolcha
 10652 | D:10     | Reached skill level 1 in Armour
 10789 | D:10     | Found Xengizurgh's Antique Weapon Shoppe.
 10797 | D:10     | Bought a smoking sling for 156 gold pieces
 10797 | D:10     | Identified the +4 sling of Distant Shores {flame, rF- rCorr
                  | Dex+5 Stlth+} (You bought it in a shop on level 10 of the
                  | Dungeon)
 10946 | D:10     | Offered knowledge of Poisonous Vapours by Vehumet.
 11131 | D:10     | Noticed Erica
 11140 | D:10     | Killed Erica
 11141 | D:10     | Reached XP level 11. HP: 60/60 MP: 14/30
 11489 | D:10     | Reached *** piety under Vehumet
 11779 | D:11     | Noticed a two-headed ogre
 11904 | D:11     | Killed a two-headed ogre
 11905 | D:11     | Reached skill level 14 in Spellcasting
 12252 | D:11     | Learned a level 2 spell: Poisonous Vapours
 12256 | D:11     | Noticed Lodul
 12270 | D:11     | Killed Lodul
 12362 | D:11     | Noticed a two-headed ogre
 12367 | D:11     | Killed a two-headed ogre
 12374 | D:11     | Offered knowledge of Frozen Ramparts by Vehumet.
 12472 | D:11     | Learned a level 3 spell: Frozen Ramparts
 12669 | D:11     | Reached skill level 1 in Ice Magic
 13207 | D:12     | Noticed a red ugly thing
 13211 | D:12     | Noticed Sonja
 13222 | D:12     | Killed Sonja
 13224 | D:12     | Killed a red ugly thing
 13289 | D:12     | Found a staircase to the Orcish Mines.
 13554 | D:12     | Found a glowing silver altar of Zin.
 13554 | D:12     | Noticed an angel
 13673 | D:13     | Reached XP level 12. HP: 68/68 MP: 24/32
 13699 | D:13     | Noticed a boulder beetle
 13864 | D:13     | Killed a boulder beetle
 14083 | D:13     | Reached **** piety under Vehumet
 14094 | D:13     | Noticed a centaur warrior
 14162 | D:13     | Killed a centaur warrior
 14639 | D:13     | Offered knowledge of Airstrike by Vehumet.
 14640 | D:13     | Reached skill level 5 in Dodging
 14640 | D:13     | Reached skill level 15 in Spellcasting
 14908 | D:14     | Noticed Urug
 14908 | D:14     | Noticed a fire dragon
 14908 | D:14     | Noticed a two-headed ogre
 14908 | D:14     | Noticed a centaur warrior
 14908 | D:14     | Found a gate to the Vaults.
 14909 | D:14     | Noticed a centaur warrior
 15103 | Lair:1   | Entered Level 1 of the Lair of Beasts
 15659 | Lair:1   | Reached skill level 10 in Earth Magic
 16056 | Lair:1   | Identified the +9 dagger "Buosease" {heavy, rElec Will+}
 16094 | Lair:1   | Got Fudwecer's Directory of the Mesa and the Dose
 16148 | Lair:1   | Reached skill level 5 in Ice Magic
 16708 | Lair:1   | Learned a level 3 spell: Swiftness
 17156 | Lair:2   | Found a staircase to the Snake Pit.
 17480 | Lair:2   | Reached skill level 1 in Evocations
 17480 | Lair:2   | Reached XP level 13. HP: 72/72 MP: 17/34
 17550 | Lair:2   | Reached skill level 10 in Conjurations
 17552 | Lair:2   | Reached ***** piety under Vehumet
 17909 | Lair:2   | Offered knowledge of Plasma Beam by Vehumet.
 17946 | Lair:2   | Reached skill level 16 in Spellcasting
 18472 | D:14     | Found Plog's Weapon Shop.
 18476 | D:14     | Reached skill level 1 in Shields
 18973 | Lair:2   | Found a staircase to the Swamp.
 19604 | Lair:3   | Noticed Kirke
 19613 | Lair:3   | Killed Kirke
 19614 | Lair:3   | Reached skill level 5 in Shields
 21028 | Lair:4   | Reached XP level 14. HP: 63/76 MP: 36/36
 21539 | Lair:4   | Offered knowledge of Iron Shot by Vehumet.
 21671 | Lair:4   | Learned a level 6 spell: Iron Shot
 22025 | Lair:5   | Entered Level 5 of the Lair of Beasts
 22609 | Lair:5   | Found a dark tunnel.
 22614 | Volcano  | Entered a volcano
 23351 | Lair:5   | Reached skill level 17 in Spellcasting
 24157 | Lair:5   | Found a viscous altar of Jiyva.
 24157 | Lair:5   | Found a staircase to the Slime Pits.
 24646 | Lair:5   | Identified the staff of poison "Hudghubi" {+Blink rPois
                  | Will++ rCorr Str-5}
 25060 | Orc:1    | Entered Level 1 of the Orcish Mines
 25918 | Orc:2    | Entered Level 2 of the Orcish Mines
 26096 | Orc:2    | Found a runed translucent gate.
 26096 | Orc:2    | Found a runed translucent gate.
 26096 | Orc:2    | Found a runed translucent gate.
 26236 | Orc:1    | Noticed Fannar
 26249 | Orc:1    | Killed Fannar
 26502 | Orc:2    | Noticed an orc warlord
 26505 | Orc:2    | Noticed Peloso's ghost (journeyman MiFi)
 26517 | Orc:2    | Reached skill level 18 in Spellcasting
 26524 | Orc:2    | Killed an orc warlord
 26845 | Orc:2    | Killed Peloso's ghost
 27447 | Orc:2    | Found Wubloiph's Weapon Shop.
 27535 | Orc:2    | Offered knowledge of Conjure Ball Lightning by Vehumet.
 27549 | Orc:2    | Reached XP level 15. HP: 73/81 MP: 34/39
 27584 | Orc:2    | Reached ****** piety under Vehumet
 27757 | Orc:2    | Found a staircase to the Elven Halls.
 28089 | Orc:2    | Found Jaar's Antique Armour Shoppe.
 28089 | Orc:2    | Found Birathuxki's Magic Scroll Boutique.
 28094 | Orc:2    | Bought a shiny buckler for 180 gold pieces
 28094 | Orc:2    | Bought an embroidered cloak for 180 gold pieces
 28094 | Orc:2    | Bought a runed cloak for 180 gold pieces
 28317 | Orc:2    | Bought a scroll of teleportation for 33 gold pieces
 28317 | Orc:2    | Bought a scroll of identify for 22 gold pieces
 28406 | Orc:2    | Found Digibb's Jewellery Shoppe.
 28406 | Orc:2    | Found Ockyaq's Distillery.
 28411 | Orc:2    | Bought the ring of Quthreemi {rElec EV+5} for 650 gold
                  | pieces
 28487 | Orc:2    | Bought a ripped robe for 136 gold pieces
 28487 | Orc:2    | Identified the +1 robe of Integrity {Str+2} (You bought it
                  | in a shop on level 2 of the Orcish Mines)
 29684 | D:13     | Killed from afar by a fire dragon

Illustrated notes

Levels and vault maps discovered:
D:1:      dpeg_arrival_tiny_d, layout_basic, serial_corexii_hall,
          corexii_hall_statues_u, corexii_hall_statues_x,
          kennysheep_nondescript, dreamdust_mushroom_princess
D:2:      layout_loops_ring
D:3:      layout_basic, kennysheep_big_empty_room, uniq_sigmund
D:4:      layout_basic, serial_shops, shop, st_stairs_6
D:5:      layout_basic, minmay_temple_entry_mini_moons,
          hellmonk_ghost_happy_afterlife, uniq_blork_the_orc, uniq_ijyb,
          uniq_prince_ribbit1
D:6:      layout_loops_corners
D:7:      layout_basic, nicolae_vehumet_radiance, serial_shops, shop,
          amcnicky_mini_corridor_feature
D:8:      layout_loops_ring, nicolae_diode_basic, uniq_grum
D:9:      layout_irregular_city, erik_lair_island, enter_bailey_2
D:10:     layout_irregular_city, serial_shops, shop, nicolae_figureground_pulse,
          uniq_erolcha, uniq_maggie, uniq_erica
D:11:     layout_basic, uniq_lodul
D:12:     layout_loops_ring, david_orc_3, zin_angel, uniq_sonja
D:13:     layout_irregular_city, chequers_serial_rivers_marsh
D:14:     layout_roguey, david_vaults_3, serial_shops,
          nicolae_shop_tiny_waterfront, shop_fountains, shop,
          nicolae_book_shop_shelving, minmay_misc_feat_ornament
Temple:   mainiacjoe_temple_archimedes_tessellation
Lair:1:   layout_roguey, infiniplex_staircase_pool_2
Lair:2:   layout_long_grid, nicolae_swamp_entry_splash_gauntlet,
          guppyfry_snake_entry_garden, grunt_megastairs_4, lemuel_fruit_tree
Lair:3:   layout_loops_ring, serial_bayou_lagoon_b, uniq_kirke
Lair:4:   layout_small_grid, serial_bayou_shore_b
Lair:5:   minmay_lair_end_frog_pond, layout_concentric_octagons, slime_entry_1,
          nicolae_volcano_entry_lava_flow, serial_bayou_shore_b
Orc:1:    layout_diamond_mine, uniq_fannar
Orc:2:    st_orc_town, layout_diamond_mine, serial_shops,
          nicolae_shop_peninsula, biasface_ghost_orc_armoury

Skill      XL: |  1  2  3  4  5  6  7  8  9 10 11 12 13 14 15 |
---------------+----------------------------------------------+-----
Fighting       | 1 3 4 |  4.8
Spellcasting   | 4 5 6 7 9 12 13 14 15 16 18 | 18.7
Earth Magic    | 4 5 6 7 9 10 11 13 | 13.8
Conjurations   | 1 2 3 4 5 6 8 9 10 12 13 | 13.2
Dodging        | 3 4 7 |  7.0
Short Blades   | 4 5 |  5.0
Translocations | 4 5 |  5.2
Poison Magic   | 3 |  3.1
Air Magic      | 2 3 4 |  4.0
Armour         | 1 3 |  3.2
Ice Magic      | 2 5 |  5.6
Evocations     | 1 2 |  2.8
Shields        | 7 |  7.0
Stealth        | |  2.4
Transmutations | |  1.1

Action                     |  1- 3 |  4- 6 |  7- 9 | 10-12 | 13-15 || total
---------------------------+-------+-------+-------+-------+-------++-------
  Melee: Spear             |       |     9 |     7 |       |       ||    16
         Club              |       |       |     8 |       |       ||     8
         Punch             |       |       |     4 |     1 |       ||     5
         Short sword       |       |       |    74 |   118 |   256 ||   448
   Cast: Sandblast         |    58 |    54 |    72 |     6 |    33 ||   223
         Stone Arrow       |       |     2 |   100 |   271 |   173 ||   546
         Mephitic Cloud    |       |       |       |    50 |    55 ||   105
         Iskenderun's Myst |       |       |       |    43 |    72 ||   115
         Frozen Ramparts   |       |       |       |     1 |    18 ||    19
         Poisonous Vapours |       |       |       |     1 |       ||     1
         Iron Shot         |       |       |       |       |   136 ||   136
  Evoke: Wand              |       |       |       |    10 |    12 ||    22
    Use: Scroll            |     1 |     3 |     9 |     8 |     8 ||    29
         Potion            |       |     4 |       |     4 |     4 ||    12
   Stab: Sleeping          |       |     1 |     1 |       |     3 ||     5
         Confused          |       |       |       |     8 |     6 ||    14
         Paralysed         |       |       |       |       |     4 ||     4
 Armour: Robe              |     2 |    12 |    33 |     9 |       ||    56
         Skin              |       |    13 |       |    31 |       ||    44
         Steam dragon scal |       |       |       |     5 |       ||     5
         Acid dragon scale |       |       |       |    24 |   126 ||   150
  Dodge: Dodged            |     5 |    18 |    78 |    74 |   178 ||   353
  Block: Buckler           |       |       |       |       |    97 ||    97
